 Dungeon Crawl Stone Soup version 0.31-a0-180-g519b7de00c (webtiles) character file.

Game seed: 2051078771031557658

33053 Conn the Scholar (level 13, -18/76 HPs)
             Began as an Octopode Fire Elementalist on June 11, 2023.
             Was an Elder of Sif Muna.
             Killed by the air
             ... invoked by Gastronok
              (41 damage)
             ... on level 1 of the Lair of Beasts on June 20, 2023.
             The game lasted 00:45:18 (14434 turns).

Conn the Scholar (Octopode Fire Elementalist)      Turns: 14434, Time: 00:45:19

Health: -18/76     AC:  1    Str:  7    XL:     13   Next: 68%
Magic:  24/36      EV: 19    Int: 23    God:    Sif Muna [****..]
Gold:   622        SH:  0    Dex: 12    Spells: 15/33 levels left

rFire   . . .        a - +2 short sword (protect)
rCold   . . .        (no shield)
rNeg    . . .        (helmet restricted)
rPois   +            (no amulet)
rElec   .            e - ring of magical power
rCorr   +            f - ring of poison resistance
SInv    .            n - ring of resist corrosion
Will    .....        o - ring of wizardry
Stlth   ++++         w - ring of flight
HPRegen 0.32/turn    d - +5 ring of evasion
MPRegen 0.25/turn    (no ring)
                     (no ring)

%: wizardry (x1)
@: lethally poisoned (-18 -> -22), flying
A: almost no armour, amphibious, 8 rings, camouflage 1, gelatinous body 1,
(nimble swimmer 1), tentacles
a: Renounce Religion, Channel Magic, Forget Spell, Divine Exegesis


You were on level 1 of the Lair of Beasts.
You worshipped Sif Muna.
Sif Muna was greatly pleased with you.
You visited 3 branches of the dungeon, and saw 15 of its levels.
You also visited: Sewer.

You collected 706 gold pieces.
You spent 84 gold pieces at shops.

Inventory:

Hand Weapons
 a - a +2 short sword of protection (weapon)
 b - the +8 sling "Ixkuprar" {flame, rC+ Int+2}
   (You found it on level 3 of the Dungeon)

   Int:       It affects your intelligence (+2).
   rC:        It protects you from cold.
Missiles
 i - 10 curare-tipped darts (quivered)
Jewellery
 d - a +5 ring of evasion (on tentacle)
 e - a ring of magical power (left tentacle)
 f - a ring of poison resistance (right tentacle)
 n - a ring of resist corrosion (on tentacle)
 o - a ring of wizardry (on tentacle)
 w - a ring of flight (on tentacle)
Wands
 z - a wand of flame (14)
 A - a wand of charming (12)
 C - a wand of light (8)
 D - a wand of mindburst (19)
 K - a wand of roots (3)
Scrolls
 c - 2 scrolls of enchant weapon
 g - 3 scrolls of enchant armour
 r - 3 scrolls of identify
 u - 2 scrolls of fear
 x - a scroll of fog
 y - 2 scrolls of brand weapon
 B - 2 scrolls of teleportation
 E - 2 scrolls of summoning
 F - 2 scrolls of revelation
 I - a scroll of immolation
Potions
 j - a potion of berserk rage
 k - 4 potions of heal wounds
 l - 4 potions of curing
 m - 2 potions of might
 p - 2 potions of magic
 q - 3 potions of enlightenment
 t - 2 potions of haste
 v - 4 potions of brilliance
 G - a potion of resistance
 H - a potion of attraction
Miscellaneous
 J - a box of beasts (inert)


   Skills:
 + Level 2.8 Fighting
 + Level 2.1 Short Blades
 * Level 7.4 Ranged Weapons
 + Level 3.9 Dodging
 + Level 5.3 Stealth
 + Level 10.8 Spellcasting
 + Level 7.9 Conjurations
 + Level 2.6 Hexes
 + Level 0.1 Translocations
 + Level 9.6 Fire Magic
 * Level 5.1 Air Magic
 * Level 10.8 Invocations
 + Level 0.1 Evocations


You had 15 spell levels left.
You knew the following spells:

 Your Spells              Type           Power      Damage    Failure   Level
a - Foxfire               Conj/Fire      100%       2x1d9     1%          1
b - Scorch                Fire           100%       2d9       1%          2
c - Inner Flame           Hex/Fire       40%        N/A       1%          3
d - Flame Wave            Conj/Fire      52%        2d13      1%          4
e - Vhi's Electric Charg  Tloc/Air       48%        N/A       2%          3
f - Arcjolt               Conj/Air       21%        1d31      4%          5

Your spell library contained the following spells:

 Spells                   Type           Power      Damage    Failure   Level
 Ensorcelled Hibernation  Hex/Ice        36%        N/A       1%          2
 Volatile Blastmotes      Fire/Tloc      68%        2d15      1%          3
 Beastly Appendage        Tmut           24%        N/A       2%          1
 Sublimation of Blood     Necr           12%        N/A       3%          2
 Wereblood                Tmut           12%        N/A       3%          2
 Spider Form              Tmut/Pois      12%        N/A       6%          3
 Anguish                  Hex/Necr       9%         N/A       12%         4
 Summon Hydra             Summ           6%         N/A       100%        7
 Maxwell's Capacitive Co  Air            18%        ∞         100%        8


Dungeon Overview and Level Annotations

Branches:
Dungeon (13/15)            Temple (1/1) D:5            Lair (1/5) D:11
    Orc (0/2) D:12          Sewer (visited)
 Vaults: D:13-14

Altars:
Ashenzari
Cheibriados
Dithmenos
Elyvilon
Fedhas
Gozag
Hepliaklqana
Kikubaaqudgha
Makhleb
Nemelex Xobeh
Okawaru
Qazlal
Ru
Sif Muna
Trog
Uskayaw
Vehumet
Wu Jian
Xom
Yredelemnul
Zin
The Shining One

Shops:
D:6 ?   D:7 =

Annotations:
D:4 3 runed translucent doors, hackon's ghost, amateur MiBe
D:5 1 runed translucent door, zx48k's ghost, novice GnFi
Lair:1 Gastronok


Innate Abilities, Weirdness & Mutations

You cannot wear most types of armour.
You are amphibious.
You can wear up to eight rings at the same time.
Your skin changes colour to match your surroundings (Stealth+).
Your rubbery body absorbs attacks. (AC +1, EV +1)
((You are camouflaged when in or above water. (Stealth+)))
You have tentacles for arms and can constrict up to eight enemies at once.


Message History

The cane toad is lightly wounded. (Press . to intensify the flame waves.)
The cane toad stings you!
Unknown command.
A wave of flame ripples out!
The flame wave engulfs the cane toad!
The cane toad is moderately wounded.
The cane toad stings you!
You are poisoned.
The cane toad poisons you!
You take on a slight green cast.
Unknown command.
A wave of flame ripples out!
The flame wave engulfs the cane toad.
The cane toad is heavily wounded.
The flame wave engulfs the plant!
The plant begins to die.
The plant is lightly damaged.
You finish channelling waves of flame.
You feel very sick. The cane toad misses you.
Casting: Flame Wave (mildly dangerous; 1% risk of failure)
Confirm with . or Enter, or press ? or * to list all spells.
Casting: Flame Wave (mildly dangerous; 1% risk of failure)
Press: ? - help, Dir - look around, f - activate A wave of flame ripples out!
The flame wave engulfs the cane toad!
The cane toad is almost dead. (Press . to intensify the flame waves.)
You feel very sick. The cane toad closely misses you.
Gastronok's eyestalks wobble, almost dislodging his wizard hat.
Gastronok waves his eye-stalks in wide circles.
The air twists around and strikes you!! The cane toad misses you.
A wave of flame ripples out!
The flame wave engulfs the cane toad!
You kill the cane toad!
Sif Muna accepts your kill.
You feel sick.
Unknown command.
You feel sick.
Gastronok waves his eye-stalks in wide circles.
The air twists around and strikes you!!!
Ouch! That really hurt!
You die...

.... ##...P###.### ...#
##.### #...## #..###
#?...# ##.P.######
#.w..# ##......... #
...# ### #..#.###.## ..
#w####.####..#.#
...#.#.....†......#..
#.........P#.#@###.#..#
##.####...............#
#############...# ####


You could see Gastronok (swift).

Vanquished Creatures
  5 two-headed ogres
  Erica (D:8)
  A tengu warrior (D:13)
  2 skeletal warriors (D:12)
  A deep elf pyromancer (D:11)
  3 ugly things
  A cyclops (D:12)
  Joseph (D:8)
  A cane toad (Lair:1)
  2 kobold demonologists (D:12)
  2 rime drakes (Lair:1)
  3 trolls
  Prince Ribbit (D:7)
  Sigmund (D:6)
  3 shadows
  4 wyverns
  21 yaks
  A wraith (D:11)
  2 basilisks
  A steam dragon (D:7)
  2 vampire mosquitoes (D:11)
  Menkaure (D:6)
  An acid dragon (D:11)
  6 water moccasins
  2 ice beasts
  4 orc warriors
  A black bear (D:6)
  An ogre (D:5)
  4 centaurs
  2 phantoms
  7 kobold brigands
  5 bullfrogs
  2 scorpions
  4 wights (D:7)
  24 killer bees
  4 howler monkeys
  A crimson imp (D:10)
  9 hounds
  8 orc priests
  A gnoll bouda (D:8)
  A bullfrog skeleton (D:4)
  3 iron imps (D:10)
  2 jellies (D:5)
  2 sleepcaps
  Crazy Yiuf (D:7)
  Jessica (D:2)
  3 iguanas
  Natasha (thrice) (D:3)
  13 orc wizards
  A hound zombie (D:4)
  9 gnolls
  12 adders
  3 river rats (Sewer)
  A shadow imp (D:7)
  3 white imps
  An ufetubus (D:4)
  An adder zombie (D:4)
  3 adder skeletons (D:4)
  2 worms
  3 dart slugs
  43 orcs
  5 ball pythons
  7 endoplasms
  6 giant cockroaches
  6 goblins
  4 hobgoblins
  A jackal (Sewer)
  43 kobolds
  8 quokkas
  5 bats
  8 frilled lizards
  A quokka zombie (D:4)
  6 rats
357 creatures vanquished.

Vanquished Creatures (collateral kills)
  A kobold brigand (D:7)
  A wight (D:7)
  An orc wizard (D:5)
  4 orcs
  3 kobolds (D:7)
  2 foxfires
12 creatures vanquished.

Vanquished Creatures (others)
  596 foxfires
596 creatures vanquished.

Grand Total: 965 creatures vanquished

Notes
Turn   | Place    | Note
-------+----------+-------------------------------------------
     0 | D:1      | Conn the Octopode Fire Elementalist began the quest for the
                  | Orb.
     0 | D:1      | Reached XP level 1. HP: 11/11 MP: 3/3
     0 | D:1      | Upgraded the game from 0.31-a0-152-g6aa68a64a1 to
                  | 0.31-a0-180-g519b7de00c
   158 | D:1      | Reached XP level 2. HP: 17/17 MP: 0/5
   620 | D:1      | Reached XP level 3. HP: 21/21 MP: 6/6
   623 | D:1      | Learned a level 2 spell: Scorch
   627 | D:1      | Learned a level 3 spell: Inner Flame
  1276 | D:2      | Noticed Jessica
  1281 | D:2      | Killed Jessica
  1282 | D:2      | Reached XP level 4. HP: 27/27 MP: 7/7
  1679 | D:3      | Noticed Natasha
  1689 | D:3      | Killed Natasha
  1690 | D:3      | Reached XP level 5. HP: 23/32 MP: 8/8
  1719 | D:3      | Identified the +8 sling "Ixkuprar" {flame, rC+ Int+2}
  1846 | D:3      | Noticed Natasha
  1851 | D:3      | Killed Natasha
  1905 | D:3      | Found a glowing drain.
  1924 | Sewer    | Entered a sewer
  2213 | Sewer    | Reached XP level 6. HP: 37/37 MP: 10/10
  2781 | D:3      | Learned a level 4 spell: Flame Wave
  2791 | D:3      | Found a bloodstained altar of Trog.
  2791 | D:3      | Found a glowing golden altar of the Shining One.
  2980 | D:3      | Noticed Natasha
  2990 | D:3      | Killed Natasha
  2994 | D:3      | Reached skill level 1 in Short Blades
  3235 | D:3      | Found a faded altar of an unknown god.
  3292 | D:3      | Found an opulent altar of Gozag.
  3342 | D:4      | Reached skill level 5 in Stealth
  3342 | D:4      | Reached XP level 7. HP: 31/42 MP: 5/12
  3346 | D:4      | Reached skill level 1 in Ranged Weapons
  3387 | D:4      | Reached skill level 1 in Fighting
  3592 | D:4      | Found a hide-covered altar of Uskayaw.
  3619 | D:4      | Found a runed translucent gate.
  3621 | D:4      | Found a runed translucent gate.
  3625 | D:4      | Found a runed translucent gate.
  3633 | D:4      | Noticed hackon's ghost (amateur MiBe)
  3692 | D:4      | Found a basalt altar of Yredelemnul.
  4245 | D:5      | Entered Level 5 of the Dungeon
  4245 | D:5      | Noticed zx48k's ghost (novice GnFi)
  4245 | D:5      | Found a runed translucent door.
  4277 | D:5      | Noticed a two-headed ogre
  4295 | D:5      | Killed a two-headed ogre
  4296 | D:5      | Reached skill level 5 in Spellcasting
  4296 | D:5      | Reached skill level 5 in Fire Magic
  4296 | D:5      | Reached XP level 8. HP: 47/49 MP: 11/16
  4710 | D:5      | Found a staircase to the Ecumenical Temple.
  4719 | Temple   | Entered the Ecumenical Temple
  4816 | Temple   | Became a worshipper of Sif Muna the Loreminder
  4865 | D:5      | Reached skill level 5 in Conjurations
  4868 | D:5      | Reached XP level 9. HP: 33/54 MP: 8/18
  5760 | D:6      | Found Nukomux's Magic Scroll Emporium.
  5765 | D:6      | Bought a scroll of fear for 48 gold pieces
  5765 | D:6      | Bought a scroll of teleportation for 36 gold pieces
  6190 | D:6      | Reached * piety under Sif Muna
  6870 | D:6      | Noticed Menkaure
  6873 | D:6      | Killed Menkaure
  6895 | D:6      | Noticed Sigmund
  6899 | D:6      | Killed Sigmund
  7125 | D:7      | Noticed Prince Ribbit
  7127 | D:7      | Reached XP level 10. HP: 56/60 MP: 18/21
  7130 | D:7      | Reached skill level 1 in Hexes
  7130 | D:7      | Reached ** piety under Sif Muna
  7130 | D:7      | HP: 1/60 [Prince Ribbit (9)]
  7147 | D:7      | Killed Prince Ribbit
  7521 | D:7      | Found Utseeluq's Jewellery Boutique.
  7610 | D:7      | Found a runed translucent door.
  7611 | D:7      | Noticed Crazy Yiuf
  7616 | D:7      | Killed Crazy Yiuf
  7698 | D:7      | Reached skill level 1 in Invocations
  7947 | D:7      | Found a hazy altar of Hepliaklqana.
  8088 | D:8      | Noticed a two-headed ogre
  8098 | D:8      | Killed a two-headed ogre
  8502 | D:8      | Reached skill level 5 in Ranged Weapons
  8568 | D:8      | Noticed Erica
  8580 | D:8      | Killed Erica
  8584 | D:8      | Noticed Joseph
  8601 | D:8      | Killed Joseph
  9087 | D:8      | Learned a level 3 spell: Vhi's Electric Charge
  9093 | D:8      | Learned a level 5 spell: Arcjolt
  9211 | D:9      | Reached XP level 11. HP: 64/64 MP: 24/24
  9281 | D:9      | Reached *** piety under Sif Muna
  9282 | D:9      | Reached skill level 1 in Air Magic
  9463 | D:9      | Found an iron altar of Okawaru.
  9882 | D:9      | Noticed a two-headed ogre
  9935 | D:9      | Killed a two-headed ogre
 10245 | D:10     | Entered Level 10 of the Dungeon
 10333 | D:10     | Noticed a two-headed ogre
 10339 | D:10     | Killed a two-headed ogre
 10340 | D:10     | Reached **** piety under Sif Muna
 10474 | D:10     | Found a burning altar of Makhleb.
 10569 | D:10     | Found a blossoming altar of Fedhas.
 10640 | D:10     | Reached skill level 10 in Spellcasting
 11664 | D:11     | Found a staircase to the Lair.
 11690 | D:11     | Reached XP level 12. HP: 39/72 MP: 10/26
 12145 | D:11     | Reached skill level 5 in Invocations
 12658 | D:11     | Identified the +1 leather armour of the Bard {Harm}
 12658 | D:11     | Noticed a two-headed ogre
 12674 | D:11     | Killed a two-headed ogre
 12884 | D:11     | You are sucked into a shaft and drop 2 floors!
 13073 | D:13     | Noticed a tengu warrior
 13088 | D:13     | Killed a tengu warrior
 13272 | D:12     | Noticed a seven-headed hydra
 13272 | D:12     | Found a staircase to the Orcish Mines.
 13273 | D:12     | Noticed a centaur warrior
 13418 | D:12     | Reached skill level 10 in Invocations
 13418 | D:12     | Reached XP level 13. HP: 42/76 MP: 18/27
 13616 | D:12     | Reached skill level 5 in Air Magic
 13965 | Lair:1   | Entered Level 1 of the Lair of Beasts
 14420 | Lair:1   | Noticed Gastronok
 14434 | Lair:1   | Killed from afar by Gastronok

Illustrated notes

Levels and vault maps discovered:
D:1:      erik_arrival_triangle_small, layout_rooms
D:2:      layout_basic, minivault_25, uniq_jessica
D:3:      layout_loops_ring, gammafunk_temple_overflow_wave,
          grunt_gozag_breadcrumbs, chequers_ecumenical_altar_twisty,
          gup_sewer_entry_pipe, uniq_natasha
D:4:      layout_rooms, lemuel_crystal_altar,
          mainiacjoe_overflow_six_doors_small, ebering_ghost_rock_garden,
          serial_undead, serial_undead_f, serial_undead_a, serial_undead_b,
          serial_undead_e, grunt_ministairs_15
D:5:      minmay_thick_lines, layout_cave_pools,
          minmay_temple_entry_statues_pillars, gammafunk_ghost_grave,
          chequers_serial_rivers_large_a, minmay_misc_feat_ornament
D:6:      layout_basic, serial_shops, kennysheep_little_box, uniq_menkaure,
          uniq_sigmund
D:7:      layout_rooms, worldfamousw_hep_ancestral_shrine, serial_shops, shop,
          uniq_crazy_yiuf_cottage, uniq_prince_ribbit1
D:8:      layout_loops_ring, minmay_misc_feat_nine_boxes, minivault_25,
          chequers_serial_rivers_small_b, uniq_erica, uniq_joseph
D:9:      layout_roguey, mainiacjoe_overflow_24_doors, hangedman_corner_corridor
D:10:     layout_irregular_city, fedhas_ov_isle_minmay, demons_altar,
          minmay_fire_ice_demons
D:11:     layout_basic, lair_entry_dummy
D:12:     layout_roguey, david_orc_3
D:13:     layout_loops_ring, serial_shops, shop, enter_trove_5,
          pdpol_wu_jian_five_deadly_venoms
Temple:   compressed_dpeg_triangle_lava_temple
Lair:1:   minmay_lair_oklob_chamber, layout_loops_ring, lemuel_fruit_fields,
          uniq_gastronok

Skill      XL: |  1  2  3  4  5  6  7  8  9 10 11 12 13 |
---------------+----------------------------------------+-----
Stealth        | 3 4 5 |  5.3
Fire Magic     | 4 5 6 7 8 9 |  9.6
Conjurations   | 2 3 4 5 6 7 |  7.9
Spellcasting   | 3 5 6 7 9 10 | 10.8
Short Blades   | 1 2 |  2.1
Ranged Weapons | 2 4 5 6 7 |  7.4
Fighting       | 1 2 |  2.8
Hexes          | 1 2 |  2.6
Invocations    | 2 4 10 | 10.8
Dodging        | 3 |  3.9
Air Magic      | 3 4 5 |  5.1
Translocations | |  0.1
Evocations     | |  0.1

Action                     |  1- 3 |  4- 6 |  7- 9 | 10-12 | 13-15 || total
---------------------------+-------+-------+-------+-------+-------++-------
  Melee: Short sword       |    31 |     7 |       |     6 |    28 ||    72
         Constrict         |     9 |    15 |    10 |     2 |     4 ||    40
         Tentacles         |     5 |    13 |    22 |     2 |    12 ||    54
         Dagger            |       |    53 |    78 |       |       ||   131
         Punch             |       |     2 |       |       |     1 ||     3
         Sling             |       |       |       |     1 |       ||     1
   Fire: Sling             |       |       |    14 |    47 |       ||    61
  Throw: Dart              |       |       |     1 |     2 |       ||     3
   Cast: Foxfire           |    33 |    41 |   129 |   123 |    28 ||   354
         Scorch            |     1 |    30 |    37 |    76 |    10 ||   154
         Inner Flame       |       |     1 |    10 |    31 |    13 ||    55
         Flame Wave        |       |     1 |     6 |    43 |     4 ||    54
         Arcjolt           |       |       |       |     1 |       ||     1
         Vhi's Electric Ch |       |       |       |     1 |       ||     1
         Summon Hydra      |       |       |       |       |     1 ||     1
 Invoke: Channel Magic     |       |       |       |     1 |     1 ||     2
         Divine Exegesis   |       |       |       |       |     1 ||     1
  Evoke: Wand              |       |       |     2 |     1 |       ||     3
         Box of beasts     |       |       |       |       |     1 ||     1
    Use: Scroll            |       |     4 |     8 |    10 |       ||    22
         Potion            |       |       |     5 |     6 |     1 ||    12
   Stab: Sleeping          |     7 |     4 |     3 |     1 |     1 ||    16
         Distracted        |       |     1 |       |       |       ||     1
 Armour: Skin              |     4 |    10 |    31 |     9 |     1 ||    55
  Dodge: Dodged            |    10 |    20 |   103 |   131 |    36 ||   300

Table legend: (Time is in decaauts)
 A = Elapsed time spent in this place.
 B = Non-inter-level travel time spent in this place.
 C = Inter-level travel time spent in this place.
 D = Time resting spent in this place.
 E = Time spent auto-exploring this place.
 F = Levels seen in this place.
 G = Mean time per level.
                   A        B        C        D        E       F      G
               +--------+--------+--------+--------+--------+-----+--------+
         Total |  14429 |  14184 |    245 |    360 |  10478 |  16 |  901.8 |
       Dungeon |  13077 |  12833 |    244 |    360 |   9566 |  13 | 1005.9 |
        Temple |    121 |    121 |      0 |      0 |     81 |   1 |  121.0 |
          Lair |    465 |    465 |      0 |      0 |    317 |   1 |  465.0 |
         Sewer |    764 |    764 |      0 |      0 |    514 |   1 |  764.0 |
               +--------+--------+--------+--------+--------+-----+--------+

Top non-repeatable levels by time:
    D:11: 1564 daAuts
     D:6: 1415 daAuts
     D:5: 1331 daAuts
    D:10: 1274 daAuts
     D:9: 1118 daAuts
     D:8: 1042 daAuts
     D:3: 994 daAuts
     D:7: 979 daAuts
     D:4: 907 daAuts
     D:2: 835 daAuts
   Sewer: 764 daAuts
     D:1: 733 daAuts
    D:12: 468 daAuts
  Lair:1: 465 daAuts
    D:13: 412 daAuts
